 Dungeon Crawl Stone Soup version 0.31.0-32-g396128a36d (webtiles) character file.

Game seed: 8971400279149498627

9999 nitefall the Cleaver (level 11, -9/141 HPs)
             Began as a Minotaur Berserker on Apr 23, 2024.
             Was an Elder of Trog.
             Mangled by a komodo dragon (12 damage)
             ... on level 11 of the Dungeon.
             The game lasted 00:18:59 (10784 turns).

nitefall the Cleaver (Minotaur Berserker)          Turns: 10784, Time: 00:18:59

Health: -9/141     AC: 14    Str: 22    XL:     11   Next: 30%
Magic:  10/10      EV: 17    Int:  4    God:    Trog [****..]
Gold:   462        SH:  0    Dex: 14    Spells: 10/10 levels left

rFire   . . .        z - +1 war axe (venom)
rCold   . . .        (no shield)
rNeg    . . .        y - +0 chain mail "Ally" {Will+}
rPois   +            s - +0 hat
rElec   +            l - +0 cloak
rCorr   .            t - +1 pair of gloves of the Barnacled God {rElec SInv}
SInv    +            (no boots)
Will    +++..        (no amulet) Stlth
                     n - +5 ring of evasion
HPRegen 1.43/turn    q - ring of poison resistance
MPRegen 0.12/turn

%: no passive effects
@: berserking, strong-willed (expiring), regenerating (expiring), very quick
A: horns 2, retaliatory headbutt
a: Renounce Religion, Berserk, Trog's Hand, Brothers in Arms


You were on level 11 of the Dungeon.
You worshipped Trog.
Trog was greatly pleased with you.
You visited 1 branch of the dungeon, and saw 11 of its levels.
You also visited: Sewer.

You collected 617 gold pieces.
You spent 155 gold pieces at shops.

Inventory:

Hand Weapons
 r - a +0 war axe
 z - a +1 war axe of venom (weapon)
Missiles
 b - 13 boomerangs
 c - 16 curare-tipped darts
 d - 84 stones
 e - 3 atropa-tipped darts
 m - 26 poisoned darts (quivered)
 H - a throwing net
Armour
 l - a +0 cloak (worn)
 s - a +0 hat (worn)
 t - the +1 pair of gloves of the Barnacled God (worn) {rElec SInv}
   (You acquired it on level 7 of the Dungeon)

   rElec:     It insulates you from electricity.
   SInv:      It lets you see invisible.
 y - the +0 chain mail "Ally" (worn) {Will+}
   (You took it off an orc on level 5 of the Dungeon)

   Will+:     It increases your willpower.
Jewellery
 n - a +5 ring of evasion (left hand)
 q - a ring of poison resistance (right hand)
 w - a +6 ring of intelligence
 B - a ring of protection from fire
 G - an amulet of guardian spirit
 J - a ring of protection from cold
Wands
 g - a wand of polymorph (2)
 i - a wand of flame (14)
 D - a wand of light (14)
 F - a wand of roots (11)
 I - a wand of charming (7)
Scrolls
 f - 9 scrolls of teleportation
 j - 3 scrolls of fear
 p - 3 scrolls of revelation
 u - 3 scrolls of enchant armour
 x - a scroll of immolation {unknown}
 A - a scroll of amnesia {unknown}
 C - 4 scrolls of identify
Potions
 a - 4 potions of heal wounds
 h - 4 potions of might
 k - a potion of experience {unknown}
 o - 2 potions of haste {unknown}
 v - 2 potions of attraction
 E - a potion of curing {unknown}


   Skills:
 - Level 8.0 Fighting
 * Level 12.4 Axes
 + Level 7.1 Throwing
 - Level 8.0 Armour
 - Level 8.0 Dodging
 - Level 8.0 Shields


You had 10 spell levels left.
You didn't know any spells.
Your spell library was empty.

Dungeon Overview and Level Annotations

Branches:
Dungeon (11/15)            Temple (0/1) D:4            Lair (0/5) D:9
  Sewer (visited)
    Orc: D:9-12

Altars:
Ashenzari
Cheibriados
Elyvilon
Makhleb
Okawaru
Sif Muna
Vehumet
Wu Jian

Shops:
D:4 ?   D:6 (   D:10 (


Innate Abilities, Weirdness & Mutations

You have a pair of horns on your head.
You reflexively headbutt those who attack you in melee.


Message History

Your skin crawls.
You feel strong-willed. The yak barely misses you.
You closely miss the yak.
The yak is severely wounded.
The yak closely misses you. You furiously retaliate!
You headbutt the yak! You slash the yak!
You kill the yak!
Trog accepts your kill.
Training target 8.0 for Dodging reached!
Your Dodging skill increases to level 8!
You barely miss the komodo dragon. Your headbutt misses the komodo dragon.
The komodo dragon bites you.
You barely miss the komodo dragon.
The komodo dragon bites you but does no damage.
You slice the komodo dragon!!
The komodo dragon is poisoned.
The komodo dragon is heavily wounded.
You closely miss the komodo dragon.
The komodo dragon is heavily wounded.
You feel the effects of Trog's Hand fading.
The komodo dragon bites you!
You slash the komodo dragon!
The komodo dragon is severely wounded.
The komodo dragon bites you.
You barely miss the komodo dragon.
The komodo dragon is almost dead.
The komodo dragon bites you!!
* * * LOW HITPOINT WARNING * * *
You completely miss the komodo dragon.
The komodo dragon is almost dead.
The komodo dragon bites you!!
* * * LOW HITPOINT WARNING * * *
A red film seems to cover your vision as you go berserk!
You feel yourself moving faster!
You feel mighty! The komodo dragon bites you.
* * * LOW HITPOINT WARNING * * *
You hit the komodo dragon.
The komodo dragon looks as sick as possible!
The komodo dragon is almost dead.
The komodo dragon bites you!
You die...

#############
............######### ###
..........#.#.......####.#
....................#....#
............#..#.##.#.##.#
...~.......Y##.#.##...##.#
<.~≈......YYl@...#######.#
...........###....<......#
.........!## #....########
..........# ##.....#
.....###### #....#.# .....
###....##### ....
##.#.....### ...
#.#####...# ...
#############.#


You could see a komodo dragon (extremely poisoned) and 3 yaks.

Vanquished Creatures
  2 two-headed ogres
  Pikel (D:4)
  An ugly thing (D:10)
  A smoke demon (D:11)
  A gargoyle (D:10)
  Jeremiah (D:8)
  2 kobold demonologists
  A komodo dragon (D:10)
  A hornet (D:7)
  Sigmund (D:4)
  2 wraiths
  6 yaks
  A warg (D:11)
  4 steam dragons
  Edmund (D:4)
  Duvessa (D:5)
  An acid dragon (D:9)
  2 water moccasins
  An ice beast (D:6)
  3 orc warriors
  Pargi (Sewer)
  3 sky beasts
  2 black bears
  7 centaurs
  An ogre (D:5)
  2 lemures (D:4)
  A phantom (D:4)
  8 kobold brigands
  A bullfrog (D:9)
  A scorpion (D:5)
  Dowan (D:5)
  9 howler monkeys
  A gnoll bouda (D:9)
  2 jellies
  4 hounds
  5 orc priests
  5 iguanas
  2 sleepcaps
  3 orc wizards (D:6)
  Natasha (twice) (D:3)
  Robin (D:4)
  10 adders
  4 gnolls (D:9)
  A shadow imp (D:6)
  2 ufetubi (D:7)
  2 dart slugs
  2 ribbon worms
  17 orcs
  9 ball pythons
  6 bats
  11 endoplasms
  2 giant cockroaches
  12 goblins
  12 hobgoblins
  9 jackals
  8 quokkas
  A frilled lizard (D:1)
  23 kobolds
  7 rats
234 creatures vanquished.

Notes
Turn   | Place    | Note
-------+----------+-------------------------------------------
     0 | D:1      | nitefall the Minotaur Berserker began the quest for the
                  | Orb.
     0 | D:1      | Reached XP level 1. HP: 19/19 MP: 0/0
     2 | D:1      | Noticed a felid
     4 | D:1      | Noticed a troll
     4 | D:1      | Noticed a ghoul
     6 | D:1      | Noticed a djinni
     6 | D:1      | Noticed a human
     8 | D:1      | Noticed a naga
     8 | D:1      | Noticed a tengu
    10 | D:1      | Noticed a demigod
    10 | D:1      | Noticed a barachi
    12 | D:1      | Noticed a demonspawn
    12 | D:1      | Noticed a gargoyle
    14 | D:1      | Noticed an armataur
    14 | D:1      | Noticed a merfolk
    16 | D:1      | Noticed a formicid
    18 | D:1      | Noticed a draconian
    18 | D:1      | Noticed an octopode
    20 | D:1      | Noticed a minotaur
    20 | D:1      | Noticed an oni
    22 | D:1      | Noticed a spriggan
    24 | D:1      | Noticed an elf
    26 | D:1      | Noticed a vampire
    26 | D:1      | Noticed a vine stalker
   179 | D:1      | Reached XP level 2. HP: 23/27 MP: 1/1
   605 | D:2      | Found a faded altar of an unknown god.
   618 | D:2      | Reached skill level 4 in Axes
   746 | D:2      | Reached skill level 1 in Shields
   746 | D:2      | Reached XP level 3. HP: 25/33 MP: 2/2
   825 | D:2      | Reached skill level 1 in Throwing
  1090 | D:2      | Reached ** piety under Trog
  1698 | D:3      | Found a broken altar of Ashenzari.
  1722 | D:3      | Reached XP level 4. HP: 38/40 MP: 3/3
  1748 | D:3      | Noticed Natasha
  1754 | D:3      | Killed Natasha
  1840 | D:3      | Found a radiant altar of Vehumet.
  1841 | D:3      | Noticed Natasha
  1855 | D:3      | Killed Natasha
  1856 | D:3      | Reached XP level 5. HP: 45/47 MP: 4/4
  2662 | D:4      | Reached skill level 5 in Axes
  2746 | D:4      | Noticed a lemure
  2746 | D:4      | Noticed a lemure
  2747 | D:4      | Noticed Pikel
  2747 | D:4      | Noticed a lemure
  2748 | D:4      | Noticed a lemure
  2757 | D:4      | Killed a lemure
  2758 | D:4      | Killed a lemure
  2760 | D:4      | Killed Pikel
  2761 | D:4      | Reached skill level 5 in Fighting
  2761 | D:4      | Reached skill level 6 in Axes
  2761 | D:4      | Reached XP level 6. HP: 45/56 MP: 5/5
  2761 | D:4      | Reached XP level 7. HP: 49/61 MP: 6/6
  2855 | D:4      | Found a staircase to the Ecumenical Temple.
  2873 | D:4      | Reached *** piety under Trog
  3010 | D:4      | Noticed Robin
  3018 | D:4      | Noticed Edmund
  3024 | D:4      | Killed Robin
  3032 | D:4      | Killed Edmund
  3075 | D:4      | Found a shimmering blue altar of Sif Muna.
  3167 | D:4      | Noticed Sigmund
  3173 | D:4      | Killed Sigmund
  3174 | D:4      | Reached skill level 7 in Axes
  3174 | D:4      | Reached XP level 8. HP: 70/70 MP: 7/7
  3506 | D:4      | Found Rion's Magic Scroll Shoppe.
  3513 | D:4      | Bought a scroll of noise for 10 gold pieces
  3513 | D:4      | Bought a scroll of teleportation for 30 gold pieces
  3513 | D:4      | Bought a scroll of revelation for 75 gold pieces
  3513 | D:4      | Bought a scroll of identify for 20 gold pieces
  3513 | D:4      | Bought a scroll of identify for 20 gold pieces
  3757 | D:5      | Entered Level 5 of the Dungeon
  3777 | D:5      | Identified the +0 chain mail "Ally" {Will+}
  3782 | D:5      | Reached skill level 5 in Armour
  4166 | D:5      | Reached **** piety under Trog
  4215 | D:5      | Found a glowing drain.
  4226 | Sewer    | Entered a sewer
  4292 | Sewer    | Noticed Pargi
  4298 | Sewer    | Killed Pargi
  4594 | D:5      | Noticed Duvessa
  4595 | D:5      | Noticed Dowan
  4609 | D:5      | Killed Duvessa
  4610 | D:5      | Reached skill level 8 in Axes
  4610 | D:5      | Reached skill level 5 in Dodging
  4615 | D:5      | Killed Dowan
  5206 | D:6      | Reached skill level 5 in Shields
  5229 | D:6      | Reached XP level 9. HP: 21/78 MP: 8/8
  5461 | D:6      | Found Otegith's Antique Weapon Emporium.
  5567 | D:6      | Found a white marble altar of Elyvilon.
  6334 | D:7      | Identified a scroll of acquirement
  6335 | D:7      | Acquired the +1 pair of gloves of the Barnacled God {rElec
                  | SInv}
  6423 | D:7      | Reached skill level 9 in Axes
  6444 | D:7      | Reached skill level 5 in Throwing
  6924 | D:7      | Found an ornate altar of the Wu Jian Council.
  7090 | D:8      | Noticed a two-headed ogre
  7098 | D:8      | Killed a two-headed ogre
  7099 | D:8      | Reached XP level 10. HP: 75/88 MP: 9/9
  7303 | D:8      | Reached skill level 10 in Axes
  7680 | D:8      | Noticed Jeremiah
  7716 | D:8      | Killed Jeremiah
  8126 | D:9      | Found a staircase to the Lair.
  8356 | D:9      | Noticed a two-headed ogre
  8369 | D:9      | Killed a two-headed ogre
  8642 | D:9      | Reached skill level 11 in Axes
  8796 | D:9      | Found an iron altar of Okawaru.
  8853 | D:9      | Reached ***** piety under Trog
  9123 | D:10     | Entered Level 10 of the Dungeon
  9129 | D:10     | Found a burning altar of Makhleb.
  9274 | D:10     | Noticed a white ugly thing
  9285 | D:10     | Killed a white ugly thing
  9286 | D:10     | Reached XP level 11. HP: 19/94 MP: 10/10
  9763 | D:10     | Found a snail-covered altar of Cheibriados.
  9941 | D:10     | Found Veavat's Antique Weapon Emporium.
  9952 | D:10     | Reached skill level 12 in Axes
 10188 | D:10     | Noticed a sun demon
 10713 | D:11     | Found a burning altar of Makhleb.
 10782 | D:11     | HP: 3/94 [komodo dragon (18)]
 10784 | D:11     | Mangled by a komodo dragon

Illustrated notes

Levels and vault maps discovered:
D:1:      kb_arrival_jail, layout_rooms, hangedman_decor_clover_reticule,
          minmay_misc_feat_ornament, minmay_tetromino_s4
D:2:      layout_basic, dreamdust_ecumenical_altar_statues
D:3:      layout_loops_cross, mainiacjoe_overflow_24_doors,
          ashenzari_conservatory_becter, minmay_misc_feat_rugged,
          palyth_stone_intersect, minmay_tree_intersection,
          kennysheep_generic_room_3, uniq_natasha
D:4:      layout_loops_corners, mainiacjoe_overflow_chevrons, temple_pool_b,
          serial_shops, nicolae_shop_pleasant_corner_grove,
          grunt_decor_resistance, minmay_mini_jars, uniq_sigmund, uniq_pikel,
          uniq_edmund, uniq_robin
D:5:      layout_basic, mainiacjoe_sewer_entry_somewhere_in_here_1, uniq_duvessa
D:6:      layout_layer_cave, elyvilon_altar_1, serial_shops,
          nicolae_shop_tiny_waterfront
D:7:      minmay_skewed_foursquare, layout_basic, nicolae_wu_jian_wuxing_cycle,
          minmay_misc_feat_tiny
D:8:      layout_layer_cave, uniq_jeremiah
D:9:      kennysheep_steamy, layout_basic, lemuel_crystal_altar,
          dpeg_oklobed_lair
D:10:     layout_irregular_city, lemuel_crystal_altar, general_overflow_altar,
          serial_shops, shop, grunt_decor_mini_mirrors,
          kennysheep_generic_room_8
D:11:     layout_basic, david_orc_3, demons_altar

Skill      XL: |  1  2  3  4  5  6  7  8  9 10 11 |
---------------+----------------------------------+-----
Axes           | 4 6 7 8 9 11 12 | 12.4
Fighting       | 4 5 6 7 8 |  8.0
Shields        | 1 3 4 5 6 7 8 |  8.0
Throwing       | 1 3 4 5 6 7 |  7.1
Armour         | 3 4 5 6 8 |  8.0
Dodging        | 3 4 5 6 7 8 |  8.0

Action                     |  1- 3 |  4- 6 |  7- 9 | 10-12 || total
---------------------------+-------+-------+-------+-------++-------
  Melee: Hand axe          |    84 |    55 |       |       ||   139
         Headbutt          |    12 |    15 |    45 |    45 ||   117
         War axe           |       |    33 |   243 |   214 ||   490
         Punch             |       |       |     5 |     5 ||    10
  Throw: Dart              |       |       |       |     8 ||     8
 Invoke: Berserk           |       |     1 |     1 |     4 ||     6
         Trog's Hand       |       |       |     1 |     2 ||     3
    Use: Scroll            |       |       |    11 |       ||    11
   Stab: Sleeping          |     2 |       |       |       ||     2
 Armour: Animal skin       |    37 |       |       |       ||    37
         Chain mail        |    12 |    63 |   146 |   144 ||   365
         Ring mail         |     3 |       |       |       ||     3
  Dodge: Dodged            |    53 |    85 |   204 |   172 ||   514
